AoeStats
← zamithdaniel

MegaRandom

507020563Analyzed
2v2 RM · 17d ago on Sep 16, 2026· 32m 3s· 4 players
Game mode
Random Map
Map size
Medium (4 player)
Population
200
Speed
Normal
Resources
Standard
Victory
Conquest
Starting age
Dark Age
Ending age
Imperial Age
RankedLock teamsTeams togetherTeam positionsShared explorationLock speedFull tech treeHidden civsTurbo modeCheats
Victory
Defeat
🇺🇸 Inca · United States
812
+19
🇺🇸 Khmer · United States
793
+19
🇨🇴 Turks · Colombia
921
-21
🇪🇸 Bohemians · Spain
817
-17
zamithdaniel
12:36 Feudal Age
13:07 Double-Bit Axe
13:08 Horse Collar
17:18 Loom
21:03 Castle Age
19:03 Stone Mining
23:06 Scale Barding Armor
23:13 Forging
27:10 Iron Casting
26:56 Chain Barding Armor
28:57 Bow Saw
Bertolangreo
12:41 Feudal Age
14:27 Horse Collar
16:08 Double-Bit Axe
16:29 Man-at-Arms
23:10 Castle Age
21:53 Scale Mail Armor
23:03 Padded Archer Armor
25:09 Wheelbarrow
24:58 Forging
26:15 Scale Barding Armor
26:30 Heavy Plow
28:29 Bow Saw
28:24 Fletching
29:24 Elite Skirmisher
Who Keef Rirrie?
9:03 Loom
11:13 Feudal Age
11:46 Double-Bit Axe
13:48 Champi Runner
14:32 Scale Mail Armor
15:18 Forging
15:40 Horse Collar
22:22 Castle Age
22:26 Champi Warrior
23:07 Squires
23:23 Chain Mail Armor
24:33 Bow Saw
24:24 Heavy Plow
24:31 Heavy Plow
30:02 Wheelbarrow
Who Keef Rirrie??
14:39 Feudal Age
14:11 Loom
17:57 Castle Age
16:32 Double-Bit Axe
16:32 Horse Collar
19:10 Bow Saw
21:58 Husbandry
23:39 Scale Barding Armor
23:46 Forging
23:06 Light Cavalry
24:02 Bloodlines
25:15 Heavy Plow
27:15 Light Cavalry
Connection lost

Rejoining the realm…

Still unreachable

The connection could not be restored.

Session expired

The server has moved on; the page needs a fresh start.